 Dungeon Crawl Stone Soup version 0.28.0-62-gf88900778d (webtiles) character file.

Game seed: 11666350726984387944

655 Coron the Chopper (level 7, -3/64 HPs)
             Began as a Deep Dwarf Fighter on Mar 29, 2023.
             Was a Believer of Okawaru.
             Slain by an orc warrior
             ... wielding a +0 short sword of electrocution
              (7 damage)
             ... on level 5 of the Dungeon.
             The game lasted 00:18:16 (3422 turns).

Coron the Chopper (Deep Dwarf Fighter)              Turns: 3422, Time: 00:18:17

Health: -3/64      AC:  8    Str: 22    XL:     7   Next: 29%
Magic:  5/5        EV:  9    Int:  8    God:    Okawaru [**....]
Gold:   247        SH:  5    Dex: 12    Spells: 6/6 levels left

rFire   + . .      SeeInvis .   a - +0 war axe
rCold   + . .      Faith    .   c - +0 buckler
rNeg    . . .      Spirit   .   b - +0 scale mail
rPois   .          Reflect  .   (no helmet)
rElec   .          Harm     .   f - scarf {rC+ rF+}
rCorr   .          Rampage  .   e - +0 pair of gloves
Will    +....                   (no boots)
Stlth   ..........              (no amulet)
HPRegen 0.00/turn               (no ring)
MPRegen 0.09/turn               (no ring)

@: no status effects
A: damage resistance, heal wounds, sense surroundings 1, no regeneration
a: Heal Wounds, Renounce Religion, Heroism


You were on level 5 of the Dungeon.
You worshipped Okawaru.
Okawaru was pleased with you.
You visited 1 branch of the dungeon, and saw 5 of its levels.

You collected 247 gold pieces.

Inventory:

Hand Weapons
 a - a +0 war axe (weapon)
Missiles
 h - 143 stones
 s - 4 javelins (quivered)
Armour
 b - a +0 scale mail (worn)
 c - a +0 buckler (worn)
 e - a +0 pair of gloves (worn)
 f - a scarf of resistance (worn)
 t - a +0 plate armour
Magical Staves
 g - a staff of earth
Wands
 o - a wand of flame (14)
 v - a wand of paralysis (12)
Scrolls
 i - a scroll of magic mapping {unknown}
 j - a scroll of identify {unknown}
 m - a scroll of blinking {unknown}
 r - a scroll of vulnerability {unknown}
 u - a scroll of immolation {unknown}
Potions
 d - a potion of might
 k - a potion of heal wounds {unknown}
 l - a potion of attraction {unknown}
 n - 3 potions of curing {unknown}
 p - 2 potions of mutation {unknown}
 q - a potion of haste {unknown}


   Skills:
 + Level 4.1 Fighting
 - Level 6.0 Axes
 - Level 6.0 Armour
 - Level 4.0 Shields


You had 6 spell levels left.
You didn't know any spells.
Your spell library contained the following spells:

 Spells                   Type           Power      Damage    Failure   Level
 Apportation              Tloc           0%         N/A       80%         1
 Blink                    Tloc           0%         N/A       91%         2
 Lesser Beckoning         Tloc           0%         N/A       99%         3
 Portal Projectile        Hex/Tloc       0%         N/A       99%         3
 Leda's Liquefaction      Hex/Erth       0%         N/A       100%        4
 Manifold Assault         Tloc           0%         N/A       100%        5
 Animate Skeleton         Necr           Unusable   N/A       N/A         1
 Summon Small Mammal      Summ           Unusable   N/A       N/A         1
 Call Canine Familiar     Summ           Unusable   N/A       N/A         3

Dungeon Overview and Level Annotations

Branches:
Dungeon (5/15)
 Temple: D:4-7

Altars:
Makhleb
Okawaru
The Shining One


Innate Abilities, Weirdness & Mutations

You are resistant to damage.
You can heal yourself by infusing magical energy.
You passively map a small area around you.
You do not regenerate.


Message History

The orc warrior moves out of view.
An orc priest is nearby!
You see here a black bear corpse.
You see here a +0 hand axe.
Something unseen breaks down the door.
Things that are here:
a +0 whip; a +0 flail Unknown command.
The orc priest miscasts a cantrip.
The orc priest hits you with a +0 hand axe.
You closely miss the orc priest.
The orc priest hits you with a +0 hand axe.
You slash the orc priest!
The orc priest is severely wounded.
The orc priest hits you but does no damage.
The orc priest closely misses you.
You hit the orc priest.
You kill the orc priest!
Okawaru accepts your kill.
You hit the orc warrior but do no damage.
The orc warrior hits you but does no damage.
You are electrocuted!
You completely miss the orc warrior.
The orc warrior hits you with a +0 short sword of electrocution.
You barely miss the orc warrior.
The orc warrior hits you with a +0 short sword of electrocution! x2
You closely miss the orc warrior. You block the orc warrior's attack.
You barely miss the orc warrior.
The orc warrior hits you but does no damage.
You are electrocuted!!
* * * LOW HITPOINT WARNING * * *
You hit the orc warrior.
The orc warrior is lightly wounded.
The orc warrior hits you but does no damage.
The orc shouts!
You hit the orc warrior but do no damage.
The orc warrior is lightly wounded.
The orc warrior hits you but does no damage.
You are electrocuted!
You die...

............#
######÷.....# * *
....##.....#########
...........##......# ,
...................# ,
...................# .....
, ....##.............#
.....
....##.......))....+......
....##.....#)).o@)o#..(o..
....########)#####'#......
..... #.†..o......... ....
#.............. ,
#.............. , *
#.............. *
#.............. ,
#########...... *...... ,


You could see an orc warrior and an orc.

Vanquished Creatures
  A black bear (D:5)
  A scorpion (D:5)
  A centaur zombie (D:5)
  A jelly (D:5)
  A centaur skeleton (D:5)
  3 orc priests
  3 hounds
  2 orc wizards (D:5)
  Terence (D:3)
  A killer bee zombie (D:5)
  A hound zombie (D:5)
  7 adders
  An ufetubus (D:3)
  A dart slug (D:3)
  5 orcs
  6 ball pythons
  5 endoplasms
  3 giant cockroaches
  2 goblins (D:1)
  2 hobgoblins
  3 jackals (D:1)
  3 quokkas
  5 bats
  7 frilled lizards
  5 kobolds
  5 rats
76 creatures vanquished.

Vanquished Creatures (others)
  A plant (D:5)
1 creature vanquished.

Grand Total: 77 creatures vanquished

Notes
Turn   | Place    | Note
-------+----------+-------------------------------------------
     0 | D:1      | Coron the Deep Dwarf Fighter began the quest for the Orb.
     0 | D:1      | Reached XP level 1. HP: 20/20 MP: 1/1
   194 | D:1      | Reached XP level 2. HP: 27/27 MP: 2/2
   800 | D:2      | Reached XP level 3. HP: 32/34 MP: 3/3
  1161 | D:2      | Found a faded altar of an unknown god.
  1218 | D:2      | Found a faded altar of an unknown god.
  1225 | D:2      | Prayed at the altar of an unknown god.
  1225 | D:2      | Became a worshipper of Warmaster Okawaru
  1225 | D:2      | Reached * piety under Okawaru
  1856 | D:2      | Reached XP level 4. HP: 39/42 MP: 4/4
  2111 | D:3      | Reached skill level 5 in Armour
  2241 | D:3      | Noticed Terence
  2246 | D:3      | Reached XP level 5. HP: 30/49 MP: 2/5
  2248 | D:3      | Killed Terence
  2742 | D:4      | You fall into a shaft and drop 1 floor!
  2742 | D:5      | Entered Level 5 of the Dungeon
  2925 | D:5      | Found a glowing golden altar of the Shining One.
  2941 | D:5      | Reached skill level 5 in Axes
  2941 | D:5      | Reached XP level 6. HP: 47/56 MP: 5/5
  2974 | D:5      | Reached ** piety under Okawaru
  3036 | D:5      | Found a burning altar of Makhleb.
  3336 | D:5      | Reached XP level 7. HP: 17/64 MP: 6/6
  3422 | D:5      | Slain by an orc warrior

Illustrated notes

Levels and vault maps discovered:
D:1:      tarquinn_simple_flora_water_a, layout_basic
D:2:      layout_basic, basic_ecumenical_altar
D:3:      layout_basic, kennysheep_generic_room_6, uniq_terence
D:4:      layout_layer_cave, temple_hall_moat, serial_shops,
          nicolae_shop_waterfront, amcnicky_mini_pool_small, uniq_robin
D:5:      layout_gridville, general_overflow_altar, tso_oasis_becter

Skill      XL: |  1  2  3  4  5  6  7 |
---------------+----------------------+-----
Fighting       | 3 4 |  4.1
Axes           | 3 5 6 |  6.0
Armour         | 4 5 6 |  6.0
Shields        | 4 |  4.0

Action                   |  1- 3 |  4- 6 |  7- 9 || total
-------------------------+-------+-------+-------++-------
Melee: War axe           |    96 |   118 |    35 ||   249
Throw: Javelin           |       |     6 |       ||     6
Invok: Heroism           |       |     1 |       ||     1
 Abil: Heal Wounds       |       |     1 |     2 ||     3
Evoke: Wand              |       |     3 |       ||     3
Armor: Scale mail        |    57 |    69 |    25 ||   151
Dodge: Dodged            |    59 |    71 |    23 ||   153
Block: Buckler           |    32 |    34 |     9 ||    75
